 Dungeon Crawl Stone Soup version 0.18.1-50-g88ac8fd (webtiles) character file.

4 Amnesiac the Shield-Bearer (level 1, -1/13 HPs)
             Began as a Deep Elf Fighter on Mar 2, 2018.
             Killed from afar by a dart slug (5 damage)
             ... with a slug dart
             ... on level 2 of the Dungeon.
             The game lasted 00:00:30 (264 turns).

Amnesiac the Shield-Bearer (Deep Elf Fighter)        Turns: 264, Time: 00:00:31

Health: -1/13      AC:  6    Str: 13    XL:     1   Next: 58%
Magic:  3/3        EV:  7    Int: 12    God:
Gold:   9          SH:  8    Dex: 14    Spells: 0 memorised, 0 levels left

rFire  . . .     SeeInvis .     a - +0 rapier
rCold  . . .     Gourm    .     b - +0 scale mail
rNeg   . . .     Faith    .     c - +0 shield
rPois  .         Spirit   .     (no helmet)
rElec  .         Dismiss  .     (no cloak)
rCorr  .         Reflect  .     (no gloves)
SustAt .         Harm     .     (no boots)
MR     .....                    (no amulet)
Stlth  ..........               (no ring)
                                (no ring)

@: not resistant to hostile enchantments, extremely unstealthy
A: no striking features
a: no special abilities


You were on level 2 of the Dungeon.
You were not hungry.

You visited 1 branch of the dungeon, and saw 2 of its levels.

You collected 9 gold pieces.

Inventory:

Hand Weapons
 a - a +0 rapier (weapon)
Missiles
 h - 13 poisoned needles
Armour
 b - a +0 scale mail (worn)
 c - a +0 shield (worn)
Scrolls
 e - a scroll of identify {!r, unknown}
 i - a scroll of random uselessness {!r, unknown}
Potions
 d - a potion of might {!q}
Comestibles
 f - a bread ration
 g - 4 fruits


   Skills:
 - Level 2.4 Fighting
 - Level 2.0 Short Blades
 - Level 2.4 Armour
 + Level 1.4 Dodging
 - Level 2.4 Shields


You couldn't memorise any spells.
You didn't know any spells.

Dungeon Overview and Level Annotations

Branches:
Dungeon (2/15)

Altars:


Message History

You open the door.
A kobold comes into view.
The kobold shouts!
A kobold is nearby!
There is an open door here.
You barely miss the kobold. The kobold hits you but does no damage.
Your shield and scale mail prevent you from hitting the kobold.
You block the kobold's attack.
You hit the kobold.
You kill the kobold!
No target in view!
You see here a kobold corpse.
You see here a kobold corpse.
There is an open door here.
You open the door.
There is an open door here.
As you open the door, it creaks loudly!
A quokka comes into view.
Found a scroll labeled EFYFAETALE.
A quokka is nearby!
A quokka is nearby!
There is an open door here.
The quokka bites you. You block the quokka's attack.
You miss the quokka. You block the quokka's attack.
You hit the quokka but do no damage. You block the quokka's attack.
You barely miss the quokka.
The quokka bites you but does no damage. x2
You hit the quokka but do no damage. The quokka bites you.
You hit the quokka but do no damage. You block the quokka's attack.
You hit the quokka.
The quokka is severely wounded.
The quokka bites you but does no damage.
The quokka bites you.
You hit the quokka.
You kill the quokka!
No target in view!
No target in view!
You start resting.
HP restored.
You see here a quokka corpse.
i - a scroll labeled EFYFAETALE {!r} A dart slug comes into view.
A dart slug is nearby!
A hobgoblin comes into view. It is wielding a club.
The hobgoblin shouts!
The dart slug bites you.
You completely miss the dart slug. The dart slug bites you.
You hit the dart slug.
The dart slug is moderately wounded.
The dart slug bites you but does no damage.
You hit the dart slug but do no damage.
The dart slug is moderately wounded.
The hobgoblin hits you with a club. The dart slug bites you.
* * * LOW HITPOINT WARNING * * *
You hit the dart slug.
The dart slug is heavily wounded.
You block the hobgoblin's attack.
You hit the dart slug.
The dart slug is almost dead.
The hobgoblin hits you with a club.
* * * LOW HITPOINT WARNING * * *
The dart slug launches a dart at you. The slug dart hits you!
You die...

##########.# #.#
#............# #.######
#............# #.#....#
#............# #.#....#
#............#####.#....#
#................†.'....'
#...........######.#....#
#...........## .........
+......g@....##.##.#....#
#......w......# #......'
#...........#.# #.#....#
........#####... #.#....#
######... #..##.#....#
#.## ..# #....# #. #....#
#. #....# #....


You could see a dart slug and a hobgoblin.

Vanquished Creatures
  A hobgoblin (D:2)
  A quokka (D:2)
  2 bats
  A kobold (D:2)
5 creatures vanquished.

Notes
Turn   | Place    | Note
--------------------------------------------------------------
     0 | D:1      | Amnesiac the Deep Elf Fighter began the quest for the Orb.
     0 | D:1      | Reached XP level 1. HP: 13/13 MP: 3/3
    96 | D:2      | Reached skill level 1 in Dodging
   264 | D:2      | Killed from afar by a dart slug

Skill      XL: |  1 |
---------------+----+-----
Dodging        | 1 |  1.4
Fighting       | |  2.4
Short Blades   | |  2.0
Armour         | |  2.4
Shields        | |  2.4

Action                   || total
-------------------------++-------
Melee: Rapier            ||    24
Armor: Scale mail        ||    10
Dodge: Dodged            ||     3
Block: Shield            ||    11
